[Event "Coimbra Queima Fitas Open 2024"]
[Site "Coimbra"]
[Date "2024.04.27"]
[Round "4.3"]
[White "Martins, Bruno Andre Leite"]
[Black "Pintor, Simao Maciel Abranch"]
[Result "1/2-1/2"]
[ECO "B32"]
[WhiteElo "2360"]
[BlackElo "2039"]
[Annotator "TA"]
[PlyCount "116"]
[EventDate "2024.04.23"]
[EventType "swiss"]
[EventCountry "POR"]
[SourceTitle "playchess.com"]
[Source "ChessBase"]
[SourceQuality "1"]
[TimeControl "5400+30"]

1. e4 c5 2. Nf3 Nc6 3. d4 cxd4 4. Nxd4 e5 5. Nb5 d6 6. a4 Be7 7. N1c3 a6 8. Na3 Nf6 9. Bg5 Bg4 10. Qd2 Nd4 11. Bc4 Bf3 12. Bxf6 Bxf6 13. Kf1 (13. O-O Bg5 14. Qd3 Bf4 $15) 13... Qd7 14. h3 Bh5 15. Nd5 Bd8 {[%emt 0:00:22][%cal Oa8c8] Repels Nb6} 16. c3 Ne6 17. Bb3 Nc5 18. Bc2 b5 {[%emt 0:06:20] Prevents Nc4.} 19. axb5 axb5 20. Re1 O-O 21. Bd3 (21. Rh2 $11) 21... Rb8 (21... Bg6 $15 {deserves consideration.}) 22. Nc2 Bg6 {[%emt 0:01:20] ...f5 would now be deadly.} 23. g4 h5 24. f3 Bh4 25. Rd1 Qa7 {[%emt 0:04:40] [#] ...Nxd3 is the strong threat.} 26. Nce3 Ne6 27. Nf5 {[%emt 0:02:13] Excellent horsemanship.} Bg5 28. Qf2 {[%emt 0:00:11] Some like it hot} Qxf2+ 29. Kxf2 Bxf5 30. exf5 Nf4 31. h4 Bxh4+ 32. Rxh4 Nxd5 33. gxh5 Nf4 34. Bb1 d5 {[%emt 0:02:59] And now ...b4 would win.} 35. Rg1 Rb6 36. h6 g6 37. fxg6 fxg6 38. Rg5 b4 39. cxb4 (39. c4 $11 {and White is okay.}) 39... Rxb4 $19 40. h7+ $2 (40. b3 Rxb3 (40... e4 41. Rgg4 $11) 41. Bxg6 Rb2+ 42. Kg1) 40... Kh8 41. b3 {[%emt 0:00:44] [#]} Nd3+ $2 42. Bxd3 Rxh4 43. Rxe5 $15 {[%emt 0:00:14][%mdl 4096] Endgame. KRR-KRB} Rhf4 44. Bxg6 Rxf3+ 45. Ke2 d4 46. b4 Rg3 47. Re6 Rb3 48. Rd6 Kg7 {[%emt 0:01:36] White must now prevent ...Re3+.} 49. Bc2 Rxb4 50. Rd7+ Kh8 51. Kd3 Rc8 52. Bd1 $1 Rc3+ 53. Ke4 Re3+ 54. Kf5 d3 55. Bh5 Rb8 56. Kf4 Rh3 (56... Re6 $15 57. Rxd3 Rf6+ (57... Kxh7 58. Kg3 $11) 58. Kg3 Rf5 (58... Kxh7 59. Bf3 $11)) 57. Bg6 $11 Rf8+ 58. Kg4 Re3 {[%emt 0:00:35] Weighted Error Value: White=0.24 (precise) /Black=0.20 (precise) .  Loses game:     	White=1     	---        Mistake:       	White=2     	Black=2      Inaccurate:     	White=4     	Black=6      OK:         	White=19    	Black=19     Best:        	White=4     	Black=1      Strong:       	White=1     	---} 1/2-1/2

[Event "Coimbra Queima Fitas Open 2024"]
[Site "Coimbra"]
[Date "2024.04.27"]
[Round "4.4"]
[White "Pacetti Terra, Nicolas Marcelo"]
[Black "Martin Duque, Jesus"]
[Result "0-1"]
[ECO "E12"]
[WhiteElo "2019"]
[BlackElo "2336"]
[Annotator "TA"]
[PlyCount "68"]
[EventDate "2024.04.23"]
[EventType "swiss"]
[EventCountry "POR"]
[SourceTitle "playchess.com"]
[Source "ChessBase"]
[SourceQuality "1"]
[TimeControl "5400+30"]

1. d4 Nf6 2. c4 e6 3. Nf3 b6 4. a3 Ba6 5. Qc2 Bb7 6. Nc3 c5 7. e4 cxd4 8. Nxd4 Bc5 9. Be3 (9. Nb3 $11) 9... Ng4 $17 10. Bd3 Nxe3 11. fxe3 {[%emt 0:00:08] Black is better.} Nc6 12. Qf2 Qf6 13. Qxf6 gxf6 14. Ncb5 Ke7 15. Nxc6+ (15. Kd2 $17) 15... dxc6 $19 ({But not} 15... Bxc6 16. Nd4 $17) 16. Nd4 Rad8 17. Ke2 (17. O-O-O {keeps fighting.}) 17... Bxd4 18. exd4 Rxd4 19. c5 $2 (19. Ke3 c5 20. Rhd1) 19... Rhd8 ({Not} 19... bxc5 20. Rac1 $19) 20. Rhd1 {[%emt 0:01:50] [#]} Rxd3 $1 21. Rxd3 {[%emt 0:00:08][%mdl 4096] Endgame. KRR-KRB} Ba6 (21... bxc5 22. Rxd8 Kxd8 23. Rc1 $18) 22. Rad1 bxc5 23. Ke3 $2 (23. a4) 23... Rxd3+ 24. Rxd3 Bxd3 25. Kxd3 {[%emt 0:00:09] KP-KP} Kd6 26. g4 Ke5 27. Ke3 c4 28. a4 c5 {[%emt 0:00:21] ...f5 would now be deadly.} 29. a5 a6 30. h4 f5 {[%emt 0:00:07] Black mates.} 31. exf5 exf5 32. Kf3 fxg4+ 33. Kxg4 Ke4 34. Kg5 f5 {[%emt 0:00:12] Black took control after the opening.   Weighted Error Value: White=1.72/Black=0.19 (very precise) .  Mistake:       	White=3     	---        Inaccurate:     	White=1     	---        OK:         	White=2     	Black=5      Best:        	White=1     	Black=2      Brilliant:      	---       	Black=1} 0-1

[Event "Coimbra Queima Fitas Open 2024"]
[Site "Coimbra"]
[Date "2024.04.27"]
[Round "4.5"]
[White "Povshednyi, Ivan"]
[Black "Goncalves, Lucas Jordao"]
[Result "1/2-1/2"]
[ECO "D37"]
[WhiteElo "2249"]
[BlackElo "1983"]
[Annotator "NA RC"]
[PlyCount "84"]
[EventDate "2024.04.23"]
[EventType "swiss"]
[EventCountry "POR"]
[SourceTitle "playchess.com"]
[Source "ChessBase"]
[SourceQuality "1"]
[TimeControl "5400+30"]

1. d4 d5 2. c4 e6 3. Nf3 Nf6 4. Nc3 Be7 5. g3 O-O 6. Bg2 c6 7. O-O Nbd7 8. Nd2 b6 (8... b5 $1 $11) 9. e4 dxe4 10. Ndxe4 Bb7 11. Bf4 {[%emt 0:03:52] E07: Closed Catalan: Main Line (5 Nf3 0-0 6 0-0 Nbd7).} Nxe4 12. Nxe4 Nf6 13. Nc3 Bd6 (13... Qd7 $11 {should be considered.}) 14. Qd2 Qc7 15. Bg5 Be7 16. Rad1 Rad8 17. Qe2 Rd7 18. Bf4 Qc8 19. Rfe1 Rfd8 20. Be5 Qa8 (20... Ba6 $11) 21. Bh3 Ba6 22. b3 Ne8 23. Qe3 Bb7 {[%emt 0:01:40] [#]} 24. d5 cxd5 25. cxd5 Bc5 $1 ({Of course not} 25... Bxd5 $6 26. Nxd5 Bc5 (26... Rxd5 $2 {perishes.} 27. Bg2 $18) 27. Qc3 $16) 26. Bd4 Bxd4 (26... Bxd5 $2 {is the wrong capture.} 27. Bxc5 bxc5 28. Nxd5 Rxd5 29. Bg2 $18) 27. Rxd4 Nf6 ({Not} 27... Bxd5 28. Nxd5 Rxd5 29. Bg2 $18) 28. dxe6 Rxd4 29. e7 Rd3 $11 30. exd8=Q+ Qxd8 31. Qe7 Qxe7 32. Rxe7 Bf3 33. Rc7 g5 34. Bg2 g4 35. h3 h5 36. Bxf3 gxf3 37. Rc4 Kg7 38. g4 hxg4 39. hxg4 Kg6 40. Kh2 Kg5 41. Ne4+ Nxe4 42. Rxe4 Rd2 1/2-1/2

[Event "Coimbra Queima Fitas Open 2024"]
[Site "Coimbra"]
[Date "2024.04.27"]
[Round "4.6"]
[White "Almeida, Joao Pedro Dias"]
[Black "Ribeiro, Gustavo Martins Sant"]
[Result "1/2-1/2"]
[ECO "C78"]
[WhiteElo "2006"]
[BlackElo "2226"]
[Annotator "TA"]
[PlyCount "96"]
[EventDate "2024.04.23"]
[EventType "swiss"]
[EventCountry "POR"]
[SourceTitle "playchess.com"]
[Source "ChessBase"]
[SourceQuality "1"]
[TimeControl "5400+30"]

1. e4 e5 2. Nf3 Nc6 3. Bb5 a6 4. Ba4 Nf6 5. O-O b5 6. Bb3 Bc5 7. a4 Rb8 8. c3 d6 9. d4 Bb6 10. a5 Ba7 11. h3 Bb7 12. Re1 h6 13. Be3 $1 exd4 14. cxd4 {[%emt 0:00:28] [#] And now d5 would win.} Ne7 15. d5 Bxe3 16. Rxe3 O-O 17. Nc3 Ng6 (17... c5 $14) 18. Nd4 Nd7 19. Qd2 {[%emt 0:02:55] White is much more active.} Qg5 20. Rf1 Nc5 {[%emt 0:18:45] [#]} 21. Bc2 $1 Bc8 22. Qc1 b4 23. Nce2 {[%emt 0:00:14] Black must now prevent f4.} Nf4 24. Rg3 (24. Nxf4 $16 Qxf4 25. Qd2) 24... Nxe2+ $15 25. Nxe2 Qxc1 26. Rxc1 b3 27. Bd1 Bd7 28. Nd4 Rfe8 ({Reject} 28... Nxe4 29. Re3 (29. Rxb3 Nc5 $11) 29... Nc5 30. Nxb3 $16) 29. Nxb3 ({White should play} 29. Re3 $11) 29... Rxe4 (29... Nxe4 $15 30. Re3 Nf6 31. Rxc7 Rxe3 32. fxe3 Ba4) 30. Nxc5 $11 Re1+ 31. Kh2 dxc5 32. Rgc3 Rxb2 33. Rxc5 Rb5 34. Bf3 Kf8 (34... Rxa5 $1 $11 {should be considered.} 35. R1c3 Rxc5 36. Rxc5 Bb5) 35. Rxc7 (35. R1c4 $14 {deserves consideration.} Rxc5 36. Rxc5) 35... Rxc1 36. Rxc1 $14 {[%emt 0:00:02][%mdl 4096] Endgame. KRB-KRB} Ke7 37. Ra1 Rb2 {[%emt 0:00:04] Prevents Be2.} 38. Kg3 Kd6 39. Ra3 g5 40. Bd1 Rb4 41. Rb3 Kc5 {[%emt 0:00:23] The position is equal.} 42. Rxb4 Kxb4 $11 {[%emt 0:00:14] KB-KB} 43. f4 Kxa5 44. fxg5 hxg5 45. h4 gxh4+ 46. Kxh4 f6 47. Kh5 {[%emt 0:00:10] Kg6 is the strong threat.} Bf5 48. g4 Be4 {[%emt 0:03:58] Weighted Error Value: White=0.14 (very precise) /Black=0.14 (very precise) .  Mistake:       	White=3     	Black=3      Inaccurate:     	White=3     	Black=5      OK:         	White=15    	Black=17     Best:        	---       	Black=2      Strong:       	White=2     	---} 1/2-1/2

[Event "Coimbra Queima Fitas Open 2024"]
[Site "Coimbra"]
[Date "2024.04.27"]
[Round "4.7"]
[White "Gama, Edivaldo Pereira Da"]
[Black "Gasimov, Eldar Emil Oglu"]
[Result "1-0"]
[ECO "B27"]
[WhiteElo "2109"]
[BlackElo "1752"]
[Annotator "TA"]
[PlyCount "53"]
[EventDate "2024.04.23"]
[EventType "swiss"]
[EventCountry "POR"]
[SourceTitle "playchess.com"]
[Source "ChessBase"]
[SourceQuality "1"]
[TimeControl "5400+30"]

1. e4 c5 2. Nf3 g6 3. h4 h5 4. Bc4 Bg7 5. Ng5 e6 6. Nc3 Ne7 7. Qf3 {[%emt 0:01:12][%csl Gg5][%cal Rf3f7] [#]} O-O 8. g4 (8. d3 $15) 8... hxg4 $2 (8... d5 $1 $17 9. exd5 hxg4) 9. Qxg4 $11 d5 {[%emt 0:00:08][%cal Bd7d5,Bd5d4][%mdl 32] Strongly threatening ...e5.} 10. Be2 $1 e5 (10... f6 $1 $11 {remains equal.}) 11. Qg2 $36 {[%emt 0:00:31][%mdl 2048] Keeping Black busy. White is more active.} f6 12. Nf3 Be6 {[%emt 0:28:42] Black cannot hold the game after this.} (12... Nbc6 $16) 13. h5 $18 {[%emt 0:01:09] [#] aiming for exd5.} d4 14. Nb1 Kf7 15. hxg6+ Ke8 16. Rh7 Rg8 17. Nh4 Qd7 18. Na3 a6 (18... Nbc6 {was called for.} 19. d3 Kd8) 19. Nc4 Ra7 20. d3 {[%emt 0:01:44] Hoping for Qf3.} b5 21. Nd2 Nbc6 22. Nf1 {[%emt 0:00:21] Ng3 is the strong threat.} f5 $2 (22... Nb4) 23. Ng3 f4 24. Nh5 Kf8 25. Qg5 Qc8 26. Nxg7 Nxg6 27. Nxg6+ {[%emt 0:00:33] Weighted Error Value: White=0.11 (very precise) /Black=0.69.  Mistake:       	White=1     	Black=5      Inaccurate:     	---       	Black=2      OK:         	White=6     	Black=4      Best:        	White=2     	Black=3      Strong:       	White=1     	---} (27. Qf6+ $142 Bf7 28. Nxg6#) 1-0

[Event "Coimbra Queima Fitas Open 2024"]
[Site "Coimbra"]
[Date "2024.04.27"]
[Round "4.8"]
[White "Faryma, Matviy"]
[Black "Serarols Mabras, Bernat"]
[Result "0-1"]
[ECO "B10"]
[WhiteElo "1993"]
[BlackElo "2361"]
[Annotator "TA"]
[PlyCount "110"]
[EventDate "2024.04.23"]
[EventType "swiss"]
[EventCountry "POR"]
[SourceTitle "playchess.com"]
[Source "ChessBase"]
[SourceQuality "1"]
[TimeControl "5400+30"]

1. e4 c6 2. Nf3 d5 3. Nc3 dxe4 4. Nxe4 Nf6 5. Qe2 Nxe4 6. Qxe4 Nd7 7. Bc4 Nf6 {[%emt 0:00:04] [#]} 8. Ne5 $1 e6 {[%emt 0:00:01] The position is equal.} 9. Qe2 b5 10. Bb3 ({But not} 10. Nxc6 Qc7 11. Bd3 (11. Bxb5 $2 a6 $19) 11... a6 $11 (11... Qxc6 $2 12. Bxb5 $18)) 10... Qc7 11. d4 Bd6 12. a4 b4 13. Nc4 Be7 14. Bg5 O-O 15. O-O-O c5 16. Qe5 Qc6 {[%emt 0:04:39] [#]} 17. d5 $1 Nxd5 {[%emt 0:06:58] ...f6 is the strong threat.} 18. Bxe7 Nxe7 19. h4 (19. Na5 $11 Qb6 20. Nc4) 19... Ba6 $15 20. Rd6 (20. h5 $15 h6 (20... Qxg2 $2 {loses.} 21. Rhg1 $18) 21. Na5) 20... Qxg2 $17 21. Rh2 Qg1+ 22. Rd1 {[%emt 0:00:04] [#]} Qg6 23. h5 Qf6 (23... Qh6+ $142 24. Kb1 Nf5) 24. Qd6 $2 {[%emt 0:03:35] Now White is beyond hope.} (24. Qxf6 $17 {was necessary.} gxf6 25. Rg2+ Kh8 26. Rd7) 24... Bxc4 $19 25. Bxc4 Nc8 26. Qg3 Nb6 27. Bb5 (27. Qh4) 27... a6 {[%emt 0:02:16] Black is clearly winning.} 28. Bd3 Nxa4 29. Rg1 c4 30. Bxc4 Qxb2+ 31. Kd2 Rad8+ 32. Bd3 Nc5 33. Ke1 Nxd3+ 34. cxd3 Rc8 35. Kf1 Rc1+ 36. Kg2 Rxg1+ 37. Kxg1 {[%emt 0:00:08][%mdl 4096] Endgame. KQR-KQR} Qc1+ 38. Kg2 h6 {[%emt 0:00:10] White must now prevent ...b3.} 39. Rh4 b3 40. Rg4 Qc3 {[%emt 0:00:53] Hoping for ...b2.} 41. Rc4 Qf6 42. Rb4 b2 43. d4 Qf5 44. Rxb2 Qxh5 45. Rb6 Qd5+ 46. Kh2 (46. Qf3 $142) 46... a5 47. Ra6 Rc8 {[%emt 0:00:21][%cal Oc8c1] And now ...Rc1! would win.} 48. Qe5 Qxe5+ 49. dxe5 {[%emt 0:00:04] KR-KR} Rc5 50. f4 g5 51. Kg3 Kg7 52. Ra7 Kg6 53. Kf3 Rc3+ 54. Ke4 Rc4+ 55. Ke3 Rxf4 {[%emt 0:00:05] Weighted Error Value: White=0.56/Black=0.09 (flawless) .  Loses game:     	White=1     	---        Mistake:       	White=4     	Black=1      Inaccurate:     	White=3     	Black=2      OK:         	White=10    	Black=13     Best:        	White=1     	Black=2} 0-1

[Event "Coimbra Queima Fitas Open 2024"]
[Site "Coimbra"]
[Date "2024.04.27"]
[Round "4.9"]
[White "Grimm, Daniel"]
[Black "Silva, Lourenco Santa Clara"]
[Result "1-0"]
[ECO "B53"]
[WhiteElo "2296"]
[BlackElo "1893"]
[Annotator "NA RC"]
[PlyCount "118"]
[EventDate "2024.04.23"]
[EventType "swiss"]
[EventCountry "POR"]
[SourceTitle "playchess.com"]
[Source "ChessBase"]
[SourceQuality "1"]
[TimeControl "5400+30"]

1. e4 c5 2. Nf3 d6 3. d4 cxd4 4. Qxd4 a6 5. h3 Nc6 6. Qe3 {[%emt 0:00:19] B53: Sicilian: 2...d6: Lines with Qxd4.} g6 7. c4 Bg7 8. Be2 $1 Nf6 9. Nc3 O-O 10. O-O Bd7 11. Rd1 Qc7 12. c5 (12. Rb1 $14 {feels stronger.}) 12... Ne5 (12... Rfe8 $11 {should be considered.}) 13. Nxe5 dxe5 14. b4 Rfd8 15. Nd5 Nxd5 16. exd5 ({Don't play} 16. Rxd5 Bc6 17. Rxd8+ Rxd8 $11) 16... Ba4 17. Rd2 b6 18. Bb2 bxc5 19. bxc5 Bb5 20. Rad1 Bxe2 21. Rxe2 Rac8 22. Ba3 (22. Bxe5 Bxe5 23. Qxe5 Qxe5 24. Rxe5 Rxc5 25. Rxe7 Rdxd5 26. Rxd5 Rxd5 $16) 22... Qa5 23. Rb2 Qa4 24. Rb3 ({Better is} 24. Qb3 $18 Qf4 25. c6) 24... e4 {[%emt 0:02:59] [#]} 25. Qc1 $1 f5 26. Qd2 (26. c6 $18 Bf6 27. c7) 26... Kh8 $2 (26... Qc4 $16 27. d6 exd6) 27. Qb4 $2 (27. c6 $18 e6 28. Qc1 exd5 29. c7) 27... Qd7 (27... Qxb4 $16 28. Bxb4 Bf6) 28. Qb7 Qe8 $18 (28... Qxb7 {is a better defense.} 29. Rxb7 Bf6) 29. d6 exd6 30. cxd6 Rd7 31. Qxa6 f4 32. Qe2 Qe6 33. Qg4 Qxg4 34. hxg4 Be5 35. Rd5 Bf6 36. g5 Bg7 37. Rdb5 e3 38. fxe3 fxe3 39. Rb8 Rf8 40. Rxf8+ Bxf8 41. Rd3 h6 42. Kf1 Kg8 43. Ke2 Kf7 44. Kxe3 Ke6 45. Ke4 hxg5 46. Bc5 Rf7 47. g3 Kd7 48. Rf3 Rxf3 49. Kxf3 Bg7 50. Ke4 Bc3 51. g4 Kc6 52. Bd4 Bb4 53. Be5 Bc5 54. Kd3 Bb4 55. Kc4 Ba3 56. Kd4 Bc5+ 57. Ke4 Ba3 58. Bg3 Bc5 59. a4 Bb6 1-0

[Event "Coimbra Queima Fitas Open 2024"]
[Site "Coimbra"]
[Date "2024.04.27"]
[Round "4.10"]
[White "Santos, Ricardo Alexandre Lu"]
[Black "Goncalves, Samuel Jesus Pereira"]
[Result "1-0"]
[ECO "D85"]
[WhiteElo "1987"]
[BlackElo "2190"]
[Annotator "NA RC"]
[PlyCount "87"]
[EventDate "2024.04.23"]
[EventType "swiss"]
[EventCountry "POR"]
[SourceTitle "playchess.com"]
[Source "ChessBase"]
[SourceQuality "1"]
[TimeControl "5400+30"]

1. d4 Nf6 2. c4 g6 3. Nc3 d5 4. Nf3 Bg7 5. cxd5 Nxd5 6. e4 Nxc3 7. bxc3 c5 8. Be3 Qa5 9. Qd2 O-O 10. Rc1 Bg4 (10... Rd8 $11 {feels stronger.}) 11. Be2 Nd7 12. h3 {[%emt 0:02:11] D85: Exchange Grünfeld: Unusual White 7th moves and lines with 7 Nf3.} Bxf3 13. Bxf3 Rfd8 14. d5 Ne5 (14... c4 $11 {is superior.}) 15. Be2 e6 (15... c4 $11) 16. c4 Qxd2+ 17. Bxd2 exd5 18. cxd5 Rac8 19. f4 Nd7 20. Be3 (20. Kf2 $16) 20... Nf6 $1 21. Bg4 (21. Rxc5 Rxc5 (21... Nxe4 22. Rxc8 Rxc8 23. O-O $11) 22. Bxc5 Nxe4 $19) 21... Ra8 22. Bf3 {[%emt 0:09:52] [#]} ({Much weaker is} 22. Bxc5 Nxe4 23. Bf2 Rxd5 $17) 22... Nxe4 $1 23. Bxe4 Re8 24. Rc4 f5 25. Ke2 b5 (25... b6 $1 $15 26. Bxf5 gxf5) 26. Rxc5 Rxe4 27. Kf3 $1 (27. Rxb5 $2 {is the wrong capture.} Rae8 28. Rd1 (28. Rb3 $2 Bd4 $19) 28... Rxe3+ $19) 27... Rae8 28. Bf2 Re2 29. Rxb5 Rxa2 30. Rhb1 Bf8 31. Bd4 $11 Re4 32. Be5 Ree2 33. Rb8 Rf2+ 34. Kg3 Rxg2+ 35. Kh4 Kf7 36. d6 g5+ 37. Kh5 Ra3 38. h4 Rg4 39. R1b7+ Ke6 40. Re8+ Kd5 41. d7 Ke4 42. d8=Q Rxh4+ 43. Kxg5 Rg4+ 44. Kf6 1-0

[Event "Coimbra Queima Fitas Open 2024"]
[Site "Coimbra"]
[Date "2024.04.27"]
[Round "4.11"]
[White "Faryma, Maksym"]
[Black "Pinsach Gelabert, Alexandre"]
[Result "0-1"]
[ECO "C47"]
[WhiteElo "1863"]
[BlackElo "2169"]
[Annotator "TA"]
[PlyCount "80"]
[EventDate "2024.04.23"]
[EventType "swiss"]
[EventCountry "POR"]
[SourceTitle "playchess.com"]
[Source "ChessBase"]
[SourceQuality "1"]
[TimeControl "5400+30"]

1. e4 e5 2. Nf3 Nf6 3. Nc3 Nc6 4. a3 Be7 5. d4 exd4 6. Nxd4 O-O 7. Nxc6 dxc6 8. Bd3 {[%emt 0:00:29] The position is equal.} Bg4 9. f3 Be6 10. Be3 c5 11. Qe2 c6 12. O-O b5 13. Qf2 c4 14. Be2 Qc7 15. Kh1 (15. f4 $16) 15... a5 $11 16. Rfd1 Rfd8 17. Rxd8+ Qxd8 18. e5 Nd5 19. Nxd5 Bxd5 20. Kg1 Qf8 {[%emt 0:03:06][%cal Oc4c3] White must now prevent ...c3!} 21. Rd1 {[%emt 0:03:19] [#]} (21. Bd4 $11) 21... c3 $1 $15 22. b3 (22. bxc3 Rb8) 22... Rb8 23. a4 bxa4 24. bxa4 Rb4 25. Ra1 (25. Kh1 $15 {is superior.}) 25... Qb8 $17 {[%emt 0:00:50] Black is more active.} 26. Bd4 $2 {[%emt 0:02:18] This costs White the game.} (26. Bd3 $17 {is a better defense.}) 26... Rb1+ $19 27. Rxb1 Qxb1+ 28. Bf1 {[%emt 0:00:08] [#]} Bc4 $1 29. h3 h6 (29... Bxf1 30. Qxf1 Qxc2 31. Qe1 $17) 30. g4 (30. f4 $142) 30... Bxf1 31. Qxf1 Qxc2 {[%emt 0:00:04][%mdl 4096] Endgame. KQB-KQB} 32. Qc4 $2 (32. Qe1 Bb4 (32... Qxa4 $2 33. Bxc3 Bc5+ 34. Kg2 $19) 33. e6) 32... Qd1+ 33. Kg2 Qd2+ 34. Kg1 c2 {[%emt 0:00:53] Black mates.} 35. Bb2 Bg5 36. f4 Bxf4 37. Qxc6 Be3+ ({Worse is} 37... c1=B 38. Qc8+ Kh7 39. Qf5+ Kg8 (39... g6 40. Qxf7+ Kh8 41. Qf8+ Kh7 42. Qf7+ Kh8 43. Qf8+ Kh7 44. Qe7+ Kg8 45. Qe8+ Kg7 46. Qe7+ Kh8 47. Qf8+ $11) 40. Qc8+ Kh7 41. Qf5+ g6 42. Qxf7+ Kh8 43. Qf8+ Kh7 44. Qe7+ Kg8 45. Qe8+ Kg7 46. Qe7+ Kg8 47. Qe8+ Kg7 48. Qe7+ Kg8 $11) 38. Kh1 Qe1+ 39. Kg2 Qf2+ 40. Kh1 Qg1# {[%emt 0:00:07] Weighted Error Value: White=0.56/Black=0.10 (very precise) .  Mistake:       	White=6     	---        Inaccurate:     	White=2     	Black=5      OK:         	White=7     	Black=6      Best:        	White=1     	Black=4      Strong:       	---       	Black=1      Brilliant:      	---       	Black=1} 0-1

[Event "Coimbra Queima Fitas Open 2024"]
[Site "Coimbra"]
[Date "2024.04.27"]
[Round "4.12"]
[White "Dias, Ivo Rodrigues"]
[Black "Ribeiro, Rafael Alves Figueir"]
[Result "1/2-1/2"]
[ECO "B12"]
[WhiteElo "2145"]
[BlackElo "1927"]
[Annotator "NA RC"]
[PlyCount "72"]
[EventDate "2024.04.23"]
[EventType "swiss"]
[EventCountry "POR"]
[SourceTitle "playchess.com"]
[Source "ChessBase"]
[SourceQuality "1"]
[TimeControl "5400+30"]

1. e4 c6 2. d4 d5 3. e5 Bf5 4. Nf3 e6 5. Be2 c5 6. O-O Nc6 7. Be3 cxd4 8. Nxd4 Nge7 (8... Nxd4 $11 {feels stronger.} 9. Qxd4 Ne7) 9. c4 {[%emt 0:20:18] B12: Caro-Kann: Advance Variation.} (9. Bb5 $142) 9... Nxd4 10. Bxd4 Nc6 11. cxd5 Qxd5 12. Bf3 Be4 (12... Qxd4 $2 {too greedy.} 13. Bxc6+ bxc6 14. Qxd4 $18) 13. Nc3 Bxf3 14. Nxd5 Bxd1 15. Nc7+ Kd7 16. Nxa8 Be2 17. Rfc1 Be7 18. Rc2 Rxa8 19. Rxe2 Nxd4 20. Rd2 Bc5 21. Rc1 Bb6 22. Rc4 Rc8 23. Rxc8 $2 (23. Rdxd4+ $11 Bxd4 24. Rxd4+ Ke7 25. h4) 23... Kxc8 24. Kf1 Nc6 25. Re2 Nb4 26. a3 (26. Re4 {was called for.} Nc6 (26... Nxa2 27. Ra4 $11) 27. Rc4) 26... Nd5 27. Re4 Kd7 28. Ke2 g6 29. Rc4 a6 30. g3 Bc7 31. f4 h5 32. Kf3 Bb6 33. Rc1 Bd4 34. Rc2 Bg1 35. Ke4 Bb6 $19 36. Rc1 Bf2 1/2-1/2

[Event "Coimbra Queima Fitas Open 2024"]
[Site "Coimbra"]
[Date "2024.04.27"]
[Round "4.13"]
[White "Vasconcelos, Paulo Jorge Lopes De"]
[Black "Ermida, Ricardo Carreira Das"]
[Result "1/2-1/2"]
[ECO "B12"]
[WhiteElo "2093"]
[BlackElo "1825"]
[Annotator "TA"]
[PlyCount "33"]
[EventDate "2024.04.23"]
[EventType "swiss"]
[EventCountry "POR"]
[SourceTitle "playchess.com"]
[Source "ChessBase"]
[SourceQuality "1"]
[TimeControl "5400+30"]

1. e4 c6 2. d4 d5 3. e5 Bf5 4. h4 h5 5. Bd3 Bxd3 6. Qxd3 Qa5+ 7. Bd2 Qa6 {[%emt 0:00:51] [#]} 8. e6 $1 {[%emt 0:00:16] Threatens to win with exf7+.} Qxd3 9. exf7+ Kxf7 10. cxd3 Nf6 11. Nf3 Nbd7 12. Nc3 {[%emt 0:11:52] White is more active.} ({Better is} 12. O-O $14) 12... Re8 $11 13. Ng5+ Kg8 $1 14. Ne6 (14. O-O-O $14) 14... Kf7 {[%emt 0:00:30] The position is equal.} 15. Ng5+ Kg8 $1 16. Ne6 Kf7 17. Ng5+ {[%emt 0:00:07] Weighted Error Value: White=0.15 (very precise) /Black=0.03 (flawless) .  Mistake:       	White=2     	---        Inaccurate:     	---       	Black=1      OK:         	White=6     	Black=3      Best:        	---       	Black=3      Strong:       	---       	Black=2} 1/2-1/2